 Dungeon Crawl Stone Soup version 0.28.0 (webtiles) character file.

Game seed: 13451662597313537959

2 ryon the Firebug (level 1, -3/10 HPs)
             Began as a Gargoyle Fire Elementalist on Feb 15, 2022.
             Slain by a gnoll (6 damage)
             ... on level 1 of the Dungeon.
             The game lasted 00:04:06 (201 turns).

ryon the Firebug (Gargoyle Fire Elementalist)        Turns: 201, Time: 00:04:07

Health: -3/10      AC:  4    Str: 11    XL:     1   Next: 40%
Magic:  3/3        EV:  9    Int: 15    God:
Gold:   14         SH:  6    Dex: 10    Spells: 3/4 levels left

rFire   . . .      SeeInvis .   c - +0 dagger
rCold   . . .      Faith    .   e - +0 kite shield
rNeg    + . .      Spirit   .   a - +0 robe
rPois   ∞          Reflect  .   (no helmet)
rElec   +          Harm     .   (no cloak)
rCorr   .          Rampage  .   (no gloves)
Will    .....                   (no boots)
Stlth   ++........              (no amulet)
HPRegen 0.03/turn               (no ring)
MPRegen 0.08/turn               (no ring)

@: no status effects
A: sickness immunity, AC +2, negative energy resistance 1, electricity
resistance, torment resistance 1, petrification resistance
a: no special abilities


You were on level 1 of the Dungeon.
You visited 1 branch of the dungeon, and saw 1 of its levels.

You collected 14 gold pieces.

Inventory:

Hand Weapons
 b - a +0 hand axe
 c - a +0 dagger (weapon)
Armour
 a - a +0 robe (worn)
 e - a +0 kite shield (worn)


   Skills:
 + Level 1.5 Dodging
 + Level 2.1 Stealth
 + Level 2.0 Spellcasting
 + Level 1.2 Conjurations
 + Level 3.1 Fire Magic


You had 3 spell levels left.
You knew the following spells:

 Your Spells              Type           Power      Damage    Failure   Level
a - Foxfire               Conj/Fire      32%        2x1d5     32%         1

Your spell library contained the following spells:

 Spells                   Type           Power      Damage    Failure   Level
 Scorch                   Fire           20%        2d6       34%         2
 Conjure Flame            Conj/Fire      8%         6-21      69%         3
 Inner Flame              Hex/Fire       6%         N/A       78%         3
 Flame Wave               Conj/Fire      8%         2d5       97%         4


Dungeon Overview and Level Annotations

Branches:
Dungeon (1/15)

Altars:


Innate Abilities, Weirdness & Mutations

You are immune to sickness and miasma.
Your stone body is resilient. (AC +2)
You are immune to poison.
You resist negative energy. (rN+)
You are resistant to electric shocks. (rElec)
You are resistant to unholy torment.
You are immune to petrification.


Message History

You closely miss the frilled lizard.
The frilled lizard bites you but does no damage.
You hit the frilled lizard.
The frilled lizard is severely wounded.
The frilled lizard barely misses you.
You barely miss the frilled lizard.
The frilled lizard is severely wounded.
You block the frilled lizard's attack.
You hit the frilled lizard.
You kill the frilled lizard!
You see here a frilled lizard corpse.
There are no objects that can be picked up here. a frilled lizard corpse You see here a kobold corpse.
There are no objects that can be picked up here. a kobold corpse A frilled lizard comes into view.
The helpless frilled lizard fails to defend itself.
You puncture the frilled lizard!
You kill the frilled lizard!
You see here a frilled lizard corpse.
A gnoll comes into view. It is wielding a +0 club.
The gnoll shouts!
You barely miss the gnoll. The gnoll barely misses you.
You hit the gnoll.
The gnoll is lightly wounded.
The gnoll hits you with a +0 club!
Ouch! That really hurt!
* * * LOW HITPOINT WARNING * * *
It was a potion of curing.
You feel better. The gnoll hits you with a +0 club.
Ouch! That really hurt!
* * * LOW HITPOINT WARNING * * *
You hit the gnoll.
The gnoll is moderately wounded.
You block the gnoll's attack.
You hit the gnoll.
The gnoll is heavily wounded.
The gnoll hits you with a +0 club.
Ouch! That really hurt!
You die...

.. #.## #
#... .. #...
..# #...
###... #...
##+#....
#... #....#
#... #..@.#
#... #..g.#
#... ##.#.#
#.####...
####.#...
#........
#..#.####.#
######...
#..#.# ..
..#......
#..#.# #
#.#......
#..#.#
#.#....##
#..#.#
#####.#....#


You could see a gnoll.

Vanquished Creatures
  A kobold (D:1)
  2 frilled lizards (D:1)
3 creatures vanquished.

Notes
Turn   | Place    | Note
-------+----------+-------------------------------------------
     0 | D:1      | ryon the Gargoyle Fire Elementalist began the quest for the
                  | Orb.
     0 | D:1      | Reached XP level 1. HP: 10/10 MP: 3/3
     2 | D:1      | Noticed a ghoul
     2 | D:1      | Noticed a troll
     4 | D:1      | Noticed a minotaur
     4 | D:1      | Noticed a merfolk
     6 | D:1      | Noticed a vine stalker
     8 | D:1      | Noticed an ogre
     8 | D:1      | Noticed a felid
    10 | D:1      | Noticed an octopode
    12 | D:1      | Noticed an elf
    12 | D:1      | Noticed a vampire
    14 | D:1      | Noticed a human
    14 | D:1      | Noticed a draconian
    16 | D:1      | Noticed a naga
    16 | D:1      | Noticed a gargoyle
    18 | D:1      | Noticed a dwarf
    18 | D:1      | Noticed a demonspawn
    22 | D:1      | Noticed a formicid
    22 | D:1      | Noticed a tengu
    24 | D:1      | Noticed a spriggan
    26 | D:1      | Noticed a demigod
   201 | D:1      | Slain by a gnoll

Illustrated notes

Levels and vault maps discovered:
D:1:      kb_arrival_jail, layout_basic, dreamdust_ecumenical_altar_grove

Action                   || total
-------------------------++-------
Melee: Dagger            ||     9
       Hand axe          ||     4
  Use: Potion            ||     1
 Stab: Sleeping          ||     1
Armor: Robe              ||     2
Dodge: Dodged            ||     4
Block: Kite shield       ||     3
